 Dungeon Crawl Stone Soup version 0.28-a0-938-gbc3f381ebc (webtiles) character file.

Game seed: 14316460120045491686

23050 unlimited1921 the Blocker (level 12, -17/115 HPs)
             Began as a Minotaur Hunter on Nov 29, 2021.
             Was an Initiate of Gozag.
             Killed from afar by a wretched star (24 damage)
             ... with a lance of force
             ... on level 1 of the Abyss.
             The game lasted 02:39:30 (15401 turns).

unlimited1921 the Blocker (Minotaur Hunter)        Turns: 15401, Time: 02:39:30

Health: -17/115    AC: 26    Str: 15 (16) XL:     12   Next: 68%
Magic:  7/7        EV:  2    Int:  7 (8)  God:    Gozag
Gold:   1494       SH: 20    Dex:  9      Spells: 11/11 levels left

rFire   + . .      SeeInvis .   G - +2 short sword (protect)
rCold   + . .      Faith    .   T - +4 tower shield
rNeg    . . .      Spirit   .   (armour currently unavailable)
rPois   +          Reflect  .   (helmet currently unavailable)
rElec   .          Harm     .   (cloak currently unavailable)
rCorr   +          Rampage  .   (gloves currently unavailable)
Will    .....      Rage     9%  (boots currently unavailable)
Stlth   ++........ NoTele   +   o - amulet of regeneration
HPRegen 0.00/turn               m - ring of Emaegur {Fly rF+ rC+ rCorr Int+4}
MPRegen 0.10/turn               (no ring)

@: mighty, tree-form, inhibited regen, hasted, unable to read, very quick
A: stationary, stasis, torment immunity, boosted hp, (horns 2), (retaliatory
headbutt), [berserk 3], [clumsy 2], ([deformed body]), [deterioration 2], [dopey
2], [frail 3], [low mp 3], [screaming 2], [inhibited regeneration],
([teleportitis 3]), [weak 2], [no potion heal 2], [subdued magic 3], [inability
to read while threatened]
a: Renounce Religion, Potion Petition, Call Merchant, Bribe Branch


You were on level 1 of the Abyss.
You worshipped Gozag.
Gozag was most pleased with you.
You were a tree.
You visited 4 branches of the dungeon, and saw 14 of its levels.
You visited the Abyss 1 time.

You collected 2414 gold pieces.
You spent 830 gold pieces at shops.
You paid 90 gold pieces to Gozag.

Inventory:

Hand Weapons
 a - a +3 hand crossbow of venom
 j - a +0 long sword
 k - a +0 spear of venom
 q - a +2 dagger of draining
 u - a +2 dagger of electrocution
 w - a +1 war axe of flaming
 y - a +1 short sword of freezing
 B - the +8 whip "Hibeudgh" {flame, Int+5}
   (You found it on level 1 of the Abyss)

   It burns those it strikes, dealing additional fire damage.
   Int:       It affects your intelligence (+5).
 G - a +2 short sword of protection (weapon)
 Y - a +1 vorpal flail
 Z - a +1 antimagic hand axe
Missiles
 d - 25 bolts
 i - 86 poisoned darts
 N - 5 boomerangs
 Q - 3 javelins
Armour
 c - a +2 pair of boots (melded)
 p - a +1 plate armour of fire resistance
 t - the +4 ring mail of Sunlight (melded) {rElec Will- Str+6 Int+2}
   (You found it on level 11 of the Dungeon)

   Str:       It affects your strength (+6).
   Int:       It affects your intelligence (+2).
   rElec:     It insulates you from electricity.
   Will:      It decreases your willpower.
 z - a +1 hat
 D - +0 swamp dragon scales
 L - a +0 pair of gloves (melded)
 P - a +0 cloak (melded)
 T - a +4 tower shield (worn)
Jewellery
 m - the ring of Emaegur (left branch) {Fly rF+ rC+ rCorr Int+4}
   (You took it off an orc wizard on level 6 of the Dungeon)

   [ring of protection from cold]

   Int:       It affects your intelligence (+4).
   rF:        It protects you from fire.
   rC:        It protects you from cold.
   Fly:       It grants you flight.
   rCorr:     It protects you from acid and corrosion.
 o - an amulet of regeneration (around neck)
Wands
 l - a wand of polymorph (5)
 A - a wand of iceblast (3) (quivered)
 O - a wand of flame (5)
 X - a wand of charming (3)
Scrolls
 f - a scroll of holy word
 C - a scroll of silence
 F - 2 scrolls of magic mapping
 J - a scroll of identify
 S - 2 scrolls of teleportation
 V - a scroll of blinking
Potions
 b - a potion of lignification
 e - 3 potions of flight {unknown}
 h - 2 potions of resistance
 n - 2 potions of attraction
 r - a potion of berserk rage
 s - 4 potions of brilliance
 x - a potion of curing
 E - a potion of invisibility {unknown}
 W - a potion of ambrosia {unknown}


   Skills:
 * Level 11.1 Fighting
 + Level 2.4(2.8) Short Blades
 + Level 2.3(3.0) Long Blades
 + Level 2.8(4.0) Axes
 + Level 3.1(3.7) Maces & Flails
 + Level 2.4(3.1) Polearms
 * Level 9.5 Crossbows
 - Level 5.7 Throwing
 * Level 10.5 Armour
 + Level 8.5 Dodging
 + Level 2.5 Stealth
 + Level 12.9 Shields
 - Level 0.1 Evocations


You had 11 spell levels left.
You didn't know any spells.
Your spell library contained the following spells:

 Spells                   Type           Power      Damage    Failure   Level
 Animate Skeleton         Necr           0%         N/A       85%         1
 Foxfire                  Conj/Fire      0%         2x1d4     85%         1
 Pain                     Necr           0%         1d4       85%         1
 Sandblast                Erth           0%         2d4       85%         1
 Slow                     Hex            0%         N/A       85%         1
 Passwall                 Tmut/Erth      0%         N/A       94%         2
 Scorch                   Fire           0%         2d5       94%         2
 Confusing Touch          Hex            0%         N/A       99%         3
 Conjure Flame            Conj/Fire      0%         6-21      99%         3
 Gell's Gravitas          Tloc           0%         N/A       99%         3
 Inner Flame              Hex/Fire       0%         N/A       99%         3
 Lesser Beckoning         Tloc           0%         N/A       99%         3
 Stone Arrow              Conj/Erth      0%         3d7       99%         3
 Teleport Other           Tloc           0%         N/A       99%         3
 Vampiric Draining        Necr           0%         2d6       99%         3
 Flame Wave               Conj/Fire      0%         2d4       100%        4
 Summon Lightning Spire   Summ/Air       0%         N/A       100%        4
 Yara's Violent Unravell  Hex/Tmut       0%         3d3       100%        5
 Summon Cactus Giant      Summ           0%         N/A       100%        6
 Storm Form               Tmut/Air       0%         N/A       100%        7
 Maxwell's Capacitive Co  Air            0%         ∞         100%        8


Dungeon Overview and Level Annotations

Branches:
Dungeon (11/15)            Temple (1/1) D:6            Lair (1/6) D:11
    Orc (1/2) D:11

Altars:
Ashenzari
Cheibriados
Dithmenos
Elyvilon
Fedhas
Gozag
Hepliaklqana
Kikubaaqudgha
Makhleb
Nemelex Xobeh
Okawaru
Qazlal
Ru
Sif Muna
Trog
Uskayaw
Vehumet
Wu Jian
Xom
Yredelemnul
Zin
The Shining One

Shops:
D:9 ?   D:11 *


Innate Abilities, Weirdness & Mutations

You are a tree.
Your roots penetrate the ground, keeping you stationary.
You cannot be teleported.
You are immune to unholy pain and torment.
Your maximum health is greatly increased.
Your equipment is partially melded.
((You have a pair of horns on your head.))
((You reflexively headbutt those who attack you in melee.))
[You have an uncontrollable temper.]
[You are very clumsy. (Dex -4)]
[((Armour fits poorly on your strangely shaped body.))]
[Your body often deteriorates upon taking damage.]
[You are very dopey. (Int -4)]
[You are extremely frail. (-30% HP)]
[Your magical capacity is extremely low. (-30% MP)]
[You frequently scream uncontrollably at your foes.]
[You do not regenerate when monsters are visible.]
[((You are often teleported next to monsters.))]
[You are very weak. (Str -4)]
[Potions cannot restore your health.]
[Your spells are much easier to cast, but much less powerful.]
[You sometimes lose the ability to read scrolls when taking damage.]


Message History

Throw: dart (atropa)
Press: ? - help, Q - select action, (/) - cycle Shift-Dir - straight line, f/p - wretched star
Aim: a wretched star (heavily damaged, 62% to hit, immune)
You throw an atropa-tipped dart.
The atropa-tipped dart barely misses the wretched star.
The wretched star pulses with an eldritch light!
You have no ailments to cure.
Unknown command.
You feel yourself speed up.
Throw: 6 javelins
Press: ? - help, Q - select action, (/) - cycle Shift-Dir - straight line, f/p - wretched star
Aim: a wretched star (heavily damaged, 63% to hit)
You throw a javelin.
The javelin pierces through the wretched star but does no damage.
The wretched star is heavily damaged.
Throw: 5 javelins
Press: ? - help, Q - select action, (/) - cycle Shift-Dir - straight line, f/p - wretched star
Aim: a wretched star (heavily damaged, 63% to hit)
You throw a javelin.
The javelin pierces through the wretched star!
The wretched star is severely damaged.
The wretched star glows turbulently.
The lance of force hits you!
* * * LOW HITPOINT WARNING * * *
Throw: 4 javelins
Press: ? - help, Q - select action, (/) - cycle Shift-Dir - straight line, f/p - wretched star
Aim: a wretched star (severely damaged, 63% to hit)
You throw a javelin.
The javelin closely misses the wretched star.
Unknown command.
Aiming: Iceblast
Press: ? - help, Q - select action, (/) - cycle Shift-Dir - straight line, f/p - wretched star
Aim: a wretched star (severely damaged)
Okay, then.
You have no ailments to cure.
You feel very mighty all of a sudden.
The wretched star glows turbulently.
The lance of force hits you!!
You die...
Your body crumbles into a pile of gold.

..## .... . . ###.#
.......# .# ....# #
.. . #####...## .
.... .. #
$......### .. ..
..*.##........
....####..###..#.#
..
.........#...#...##
# . . .
.......*....# .###(
... #..♣#.### . #
#( ......#...#.# .
. (.......##.####
.. ....... ... . .
(.... ..#.. . . .
##≈≈≈≈..# . .
≈≈≈≈≈## . ≈≈≈≈≈ #


You could see a wretched star.

Vanquished Creatures
  Erolcha (D:9)
  A hydra (Lair:1)
  4 two-headed ogres
  An orc sorcerer (D:11)
  2 cyclopes
  An ugly thing (D:11)
  3 centaur zombies (D:11)
  Maurice (Orc:1)
  3 elephants (Lair:1)
  2 black mambas
  A gargoyle (D:9)
  Maggie (D:8)
  A polar bear (D:11)
  4 trolls
  Grinder (D:5)
  2 hornets
  10 blink frogs
  2 raiju (Abyss:1)
  A wyvern (Lair:1)
  2 vampires
  2 basilisks
  16 yaks
  2 vampire mosquitoes (D:11)
  Grum (D:8)
  2 wargs
  An acid dragon (D:11)
  8 water moccasins
  12 orc warriors
  An ice beast (D:7)
  A sky beast (D:7)
  6 ogres
  5 black bears
  A necrophage (D:3)
  4 wolves (D:8)
  12 centaurs
  A phantom (D:5)
  A kobold brigand (D:6)
  A bullfrog (Lair:1)
  3 scorpions
  A wyvern zombie (D:7)
  A water moccasin zombie (D:5)
  4 wights (D:7)
  4 killer bees (D:7)
  A bullfrog zombie (D:6)
  4 hounds
  A jelly (D:5)
  3 centaur skeletons
  8 orc priests
  2 bullfrog skeletons (D:7)
  Jessica (D:2)
  2 iguanas (D:6)
  15 orc wizards
  Natasha (D:2)
  7 hell rats
  A killer bee zombie (D:6)
  2 hound skeletons
  4 gnolls (D:8)
  A howler monkey skeleton (D:4)
  18 adders
  A white imp (D:7)
  An ufetubus (D:5)
  2 worms (D:3)
  2 dart slugs
  33 orcs
  An endoplasm (D:2)
  5 giant cockroaches
  10 goblins
  8 hobgoblins
  16 jackals
  14 kobolds
  5 quokkas
  7 ball pythons
  11 bats
  6 frilled lizards
  9 rats
  2 rat zombies (D:4)
338 creatures vanquished.

Vanquished Creatures (others)
  An elephant (Lair:1)
  59 fungi
  95 plants
155 creatures vanquished.

Grand Total: 493 creatures vanquished

Notes
Turn   | Place    | Note
-------+----------+-------------------------------------------
     0 | D:1      | unlimited1921 the Minotaur Hunter began the quest for the
                  | Orb.
     0 | D:1      | Reached XP level 1. HP: 18/18 MP: 0/0
   224 | D:1      | Reached XP level 2. HP: 25/25 MP: 1/1
   279 | D:1      | Reached skill level 5 in Crossbows
   317 | D:1      | Found a faded altar of an unknown god.
   890 | D:2      | Reached XP level 3. HP: 30/30 MP: 2/2
  1124 | D:2      | Noticed Natasha
  1132 | D:2      | Killed Natasha
  1133 | D:2      | Reached XP level 4. HP: 37/37 MP: 3/3
  1360 | D:2      | Reached skill level 1 in Throwing
  1364 | D:2      | Noticed Jessica
  1370 | D:2      | Killed Jessica
  1576 | D:3      | Reached XP level 5. HP: 41/45 MP: 4/4
  1978 | D:3      | Noticed a centaur
  1994 | D:3      | Killed a centaur
  2020 | D:3      | Noticed a necrophage
  2029 | D:3      | Killed a necrophage
  2030 | D:3      | Reached skill level 1 in Armour
  2030 | D:3      | Reached XP level 6. HP: 36/51 MP: 5/5
  2260 | D:3      | Found a burning altar of Makhleb.
  3709 | D:4      | Found an ancient bone altar of Kikubaaqudgha.
  3792 | D:5      | Entered Level 5 of the Dungeon
  3975 | D:5      | Reached skill level 1 in Stealth
  3975 | D:5      | Reached XP level 7. HP: 52/59 MP: 6/6
  4099 | D:5      | Noticed Grinder
  4110 | D:5      | Killed Grinder
  4136 | D:5      | Reached skill level 5 in Fighting
  4136 | D:5      | Reached XP level 8. HP: 68/68 MP: 7/7
  4349 | D:5      | Reached skill level 5 in Armour
  5123 | D:6      | Found a stormy altar of Qazlal.
  5275 | D:6      | Reached skill level 5 in Dodging
  5375 | D:6      | Found a staircase to the Ecumenical Temple.
  5419 | D:6      | Noticed a cyclops
  5460 | D:6      | Killed a cyclops
  5461 | D:6      | Reached skill level 5 in Throwing
  5461 | D:6      | Reached skill level 1 in Shields
  5461 | D:6      | Reached XP level 9. HP: 57/78 MP: 8/8
  5521 | Temple   | Entered the Ecumenical Temple
  5750 | Temple   | Became a worshipper of Gozag Ym Sagoz the Greedy
  6148 | D:7      | Reached skill level 2 in Shields
  6163 | D:7      | Identified the ring of Emaegur {Fly rF+ rC+ rCorr Int+4}
  6374 | D:7      | Noticed a cyclops
  6390 | D:7      | Killed a cyclops
  6391 | D:7      | Reached skill level 3 in Shields
  6768 | D:7      | Reached skill level 4 in Shields
  7031 | D:7      | Reached skill level 5 in Shields
  7783 | D:8      | Reached XP level 10. HP: 77/90 MP: 9/9
  7965 | D:8      | Noticed Maggie
  7981 | D:8      | Killed Maggie
  8029 | D:8      | Noticed Grum
  8335 | D:9      | Noticed Erolcha
  8412 | D:9      | Killed Erolcha
  8413 | D:9      | Reached skill level 6 in Shields
  8438 | D:9      | Noticed a two-headed ogre
  8448 | D:9      | Killed a two-headed ogre
  8479 | D:9      | Noticed a two-headed ogre
  8491 | D:8      | Killed a two-headed ogre
  8492 | D:8      | Reached skill level 7 in Shields
  8607 | D:8      | Killed Grum
  8887 | D:8      | Reached skill level 1 in Long Blades
  9027 | D:9      | Reached skill level 8 in Shields
  9079 | D:8      | Reached XP level 11. HP: 71/99 MP: 10/10
  9474 | D:9      | Found Qytotibai's Magic Scroll Shop.
  9482 | D:9      | Bought 3 scrolls of enchant armour for 337 gold pieces
  9482 | D:9      | Bought a scroll of blinking for 112 gold pieces
  9482 | D:9      | Bought a scroll of identify for 30 gold pieces
  9482 | D:9      | Bought a scroll of fear for 52 gold pieces
  9485 | D:9      | Bought a scroll of teleportation for 45 gold pieces
  9485 | D:9      | Bought a scroll of magic mapping for 52 gold pieces
  9485 | D:9      | Bought a scroll of teleportation for 45 gold pieces
  9485 | D:9      | Bought a scroll of enchant armour for 112 gold pieces
  9485 | D:9      | Bought a scroll of teleportation for 45 gold pieces
  9706 | D:10     | Entered Level 10 of the Dungeon
  9805 | D:10     | Found a shimmering altar of Xom.
  9806 | D:10     | Found a hazy altar of Hepliaklqana.
  9807 | D:10     | Noticed a two-headed ogre
  9827 | D:10     | Found a broken altar of Ashenzari.
 10104 | D:10     | Noticed a +0 hand axe
 10106 | D:10     | Noticed a +0 hand axe
 10109 | D:10     | Found a hide-covered altar of Uskayaw.
 10211 | D:11     | Found Nompanem's Needful Niceties.
 10345 | D:11     | Reached skill level 1 in Maces & Flails
 10376 | D:11     | Reached skill level 9 in Shields
 10432 | D:11     | Noticed a red ugly thing
 10465 | D:11     | Killed a red ugly thing
 10504 | D:11     | Identified the +4 ring mail of Sunlight {rElec Will- Str+6
                  | Int+2}
 10567 | D:11     | Noticed a two-headed ogre
 10582 | D:11     | Killed a two-headed ogre
 10583 | D:11     | Reached skill level 10 in Fighting
 10997 | D:11     | Reached skill level 10 in Shields
 11568 | D:11     | Reached skill level 1 in Polearms
 11590 | D:11     | Found a staircase to the Orcish Mines.
 11822 | D:11     | Found a staircase to the Lair.
 12269 | Lair:1   | Entered Level 1 of the Lair of Beasts
 12494 | Lair:1   | Noticed a five-headed hydra
 12522 | Lair:1   | Killed a one-headed hydra
 12523 | Lair:1   | Reached skill level 1 in Axes
 12523 | Lair:1   | Reached skill level 11 in Shields
 12523 | Lair:1   | Reached XP level 12. HP: 49/107 MP: 11/11
 13704 | Lair:1   | Reached skill level 10 in Armour
 13736 | Lair:1   | Reached skill level 12 in Shields
 14471 | Orc:1    | Entered Level 1 of the Orcish Mines
 14516 | Orc:1    | Noticed a two-headed ogre
 14597 | D:11     | Killed a two-headed ogre
 14598 | D:11     | Reached skill level 1 in Short Blades
 14749 | Orc:1    | Noticed Maurice
 14791 | Orc:1    | Killed Maurice
 15019 | D:11     | Paralysed by an orc sorcerer for 6 turns
 15260 | Orc:1    | Cast into level 1 of the Abyss (orc wizard)
 15304 | Abyss:1  | Identified the +8 whip "Hibeudgh" {flame, Int+5}
 15401 | Abyss:1  | Killed from afar by a wretched star

Illustrated notes

Levels and vault maps discovered:
D:1:      minmay_arrival_stair_chambers, layout_basic,
          ebering_ecumenical_altar_hall
D:2:      minmay_wonky_spiral, layout_basic, uniq_natasha, uniq_jessica
D:3:      minmay_thinvault, layout_basic, mainiacjoe_overflow_small_starburst
D:4:      layout_layer_cave, lemuel_zombie_altar_kikubaaqudgha
D:5:      layout_basic, uniq_grinder
D:6:      layout_rooms, nicolae_qazlal_general_emergency,
          minmay_temple_entry_drinking_statues
D:7:      layout_loops_cross
D:8:      layout_cave_pools, kennysheep_small_circle, uniq_grum, uniq_maggie
D:9:      layout_rooms, serial_shops, nicolae_lakefront_shop, uniq_erolcha
D:10:     layout_roguey, regret_index_temple_of_mockery, lemuel_round_altar,
          dancing_weapons_uskayaw, uniq_gastronok
D:11:     layout_grid_maze, due_lair_maze_entry_diamond, orc_0_dummy,
          nicolae_alphabet_shops
Temple:   regret_index_temple_waves
Lair:1:   minmay_lair_venomous_thicket, layout_cave_pods,
          nicolae_quartered_pool_impasse
Orc:1:    layout_diamond_mine, mines2_david, uniq_maurice, uniq_harold
Abyss:1:  base: Lair:3, hangedman_stitches_earthworm

Skill      XL: |  1  2  3  4  5  6  7  8  9 10 11 12 |
---------------+-------------------------------------+-----
Crossbows      | 5 6 7 8 9 |  9.5
Throwing       | 1 2 3 5 |  5.7
Fighting       | 3 4 5 6 8 9 10 11 | 11.1
Dodging        | 3 4 5 7 8 |  8.5
Armour         | 1 3 4 6 7 9 10 | 10.5
Stealth        | 1 2 |  2.5
Shields        | 1 5 8 11 12 | 12.9
Long Blades    | 2 |  2.3
Maces & Flails | 3 |  3.1
Polearms       | 2 |  2.4
Axes           | 1 2 |  2.8
Short Blades   | 2 |  2.4
Evocations     | |  0.1

Action                   |  1- 3 |  4- 6 |  7- 9 | 10-12 || total
-------------------------+-------+-------+-------+-------++-------
Melee: Dagger            |     4 |    78 |   114 |    26 ||   222
       Headbutt          |       |    14 |    36 |   240 ||   290
       Short sword       |       |     5 |   104 |   566 ||   675
       Long sword        |       |       |       |    99 ||    99
       Hand crossbow     |       |       |       |     1 ||     1
       Flail             |       |       |       |    65 ||    65
       Spear             |       |       |       |    58 ||    58
       Hand axe          |       |       |       |    28 ||    28
       War axe           |       |       |       |    73 ||    73
 Fire: Hand crossbow     |    44 |    91 |   121 |    77 ||   333
Throw: Dart              |    32 |    50 |    61 |   104 ||   247
       Boomerang         |       |       |       |     7 ||     7
       Javelin           |       |       |       |     3 ||     3
Evoke: Wand              |       |       |     4 |    15 ||    19
  Use: Scroll            |       |       |     9 |    19 ||    28
       Potion            |       |       |     6 |    12 ||    18
 Stab: Distracted        |       |       |     1 |       ||     1
Armor: Leather armour    |     4 |    12 |       |       ||    16
       Ring mail         |       |    54 |    16 |   418 ||   488
       Chain mail        |       |       |   209 |    41 ||   250
       Swamp dragon scal |       |       |       |   153 ||   153
Dodge: Dodged            |    12 |    93 |   100 |   413 ||   618
Block: Tower shield      |       |       |   185 |  1351 ||  1536

Table legend: (Time is in decaauts)
 A = Elapsed time spent in this place.
 B = Non-inter-level travel time spent in this place.
 C = Inter-level travel time spent in this place.
 D = Time resting spent in this place.
 E = Time spent auto-exploring this place.
 F = Levels seen in this place.
 G = Mean time per level.
                   A        B        C        D        E       F      G
               +--------+--------+--------+--------+--------+-----+--------+
         Total |  15949 |  10486 |   5463 |   1636 |   4002 |  15 | 1063.3 |
       Dungeon |  13451 |   8955 |   4496 |   1627 |   3568 |  11 | 1222.8 |
        Temple |    284 |     73 |    211 |      0 |     56 |   1 |  284.0 |
          Lair |   1742 |   1010 |    732 |      0 |    340 |   1 | 1742.0 |
  Orcish Mines |    325 |    301 |     24 |      3 |     38 |   1 |  325.0 |
         Abyss |    146 |    146 |      0 |      6 |      0 |   1 |  146.0 |
               +--------+--------+--------+--------+--------+-----+--------+

Top non-repeatable levels by time:
    D:11: 3319 daAuts
  Lair:1: 1742 daAuts
     D:8: 1538 daAuts
     D:3: 1322 daAuts
     D:7: 1302 daAuts
     D:6: 1100 daAuts
     D:5: 1099 daAuts
     D:4: 1012 daAuts
     D:9: 789 daAuts
     D:2: 760 daAuts
     D:1: 742 daAuts
    D:10: 462 daAuts
   Orc:1: 325 daAuts
  Temple: 284 daAuts
 Abyss:1: 146 daAuts
